 Dungeon Sprint DCSS version 0.17-a0-1830-g81820eb (webtiles) character file.

6044 Kidiri the Tortoise (level 10, -2/71 HPs)
             Began as a Gargoyle Berserker on Sept 13, 2015.
             Was the Champion of Trog.
             Slain by a lindwurm (10 damage)
             ... in the Dungeon (Sprint III: "The Ten Rune Challenge").
             The game lasted 00:10:20 (2914 turns).

Kidiri the Tortoise (Gargoyle Berserker)            Turns: 2914, Time: 00:10:20

Health: -2/71      AC: 15    Str: 21      XL:     10   Next: 87%
Magic:  0/3        EV: 15    Int:  8 (10) God:    Trog [******]
Gold:   24         SH:  0    Dex: 12      Spells: 0 memorised, 9 levels left

rFire  . . .     SeeInvis .     j - +2 great mace (antimagic)
rCold  . . .     Clarity  .     d - +0 ring mail
rNeg   + . .     SustAt   .     (no shield)
rPois  ∞         Gourm    .     (no helmet)
rElec  +         Spirit   +     (no cloak)
rCorr  .         Warding  .     (no gloves)
rMut   .         NoTele   +     (no boots)
MR     ++...                    b - amulet of guardian spirit
Stlth  +.........               (no ring)
                                (no ring)

@: regenerating, very resistant to hostile enchantments, very unstealthy
A: claws 1, clever 1, negative energy resistance 1, electricity resistance, wild
magic 1, unbreathing, petrification resistance, rot immunity, AC +7
a: Burn Spellbooks, Berserk, Trog's Hand, Brothers in Arms, Renounce Religion


You were in the Dungeon.
You worshipped Trog.
Trog was exalted by your worship.
You were not hungry.

You visited 1 branch You collected 24 gold pieces.

Inventory:

Hand weapons
 c - a +3 mace of draining
 j - a +2 antimagic great mace (weapon)
 m - a +2 great mace of holy wrath
Missiles
 a - 10 throwing nets (quivered)
Armour
 d - a +0 ring mail (worn)
Jewellery
 b - an amulet of guardian spirit (around neck)
Magical devices
 s - a wand of digging (13)
Scrolls
 e - a scroll of torment
 i - a scroll of blinking
 o - a scroll of holy word
 p - a scroll of remove curse
Potions
 f - 2 potions of haste
 g - 2 potions of magic
 h - a potion of berserk rage
 n - 2 potions of cure mutation
 r - a potion of flight
Comestibles
 q - 23 royal jellies


   Skills:
 + Level 11.7 Fighting
 * Level 14.6 Maces & Flails
 * Level 15.5 Armour
 + Level 9.1 Dodging


You had 9 spell levels left.
You didn't know any spells.

Dungeon Overview and Level Annotations

Branches:
Dungeon (1/1)

Altars:
Cheibriados
Dithmenos
Elyvilon
Fedhas
Gozag
Kikubaaqudgha
Makhleb
Nemelex Xobeh
Okawaru
Qazlal
Ru
Sif Muna
Trog
Vehumet
Xom
Yredelemnul
Zin
The Shining One
Jiyva
Lugonu


Innate Abilities, Weirdness & Mutations

You are resistant to torment.
Your stone body is resilient (AC +7).
You are immune to poison.
You resist negative energy.
You are resistant to electric shocks.
You can survive without breathing.
You are immune to petrification.
You are immune to rotting.
You have sharp fingernails.
Your mind is acute. (Int +2)
Your spells are a little harder to cast, but a little more powerful.


Message History

The lindwurm breathes flames at you. The blast of flame hits you!
Ouch! That really hurt!
You hit the lindwurm but do no damage.
The lindwurm is almost dead.
The lindwurm bites you. The lindwurm closely misses you.
The lindwurm claws you but does no damage.
You hit the lindwurm but do no damage.
The lindwurm is almost dead.
The lindwurm breathes flames at you. The blast of flame hits you!
* * * LOW HITPOINT WARNING * * *
Unknown command.
Drink which item? (? for menu, Esc to quit)
Okay, then.
Use which ability?
Your skin crawls.
You feel resistant to hostile enchantments.
You feel slightly more hungry. The lindwurm bites you!
You die...

+♣♣'♣≈≈≈≈≈≈≈≈≈≈≈≈♣♣P.'
#.≈♣♣♣♣♣♣♣♣♣♣♣♣♣♣♣♣PP#
#..♣♣ ♣♣♣# ###%♣
♣♣♣♣.# ♣...## ♣♣.##s
♣..#k## ♣♣.##@#
♣♣%##.# ♣.....#
#######


You could see a lindwurm and a redback.

Vanquished Creatures
  Erolcha (D)
  2 spiny frogs (D)
  A komodo dragon (D)
  A queen bee (D)
  A deep elf priest (D)
  3 wandering mushrooms (D)
  2 trapdoor spiders (D)
  A shadow (D)
  2 redbacks (D)
  2 hill giants (D)
  A spatial vortex (D)
  A necrophage (D)
  2 two-headed ogres (D)
  2 brain worms (D)
  A scorpion (D)
  A water elemental (D)
  32 killer bees (D)
  A wizard (D)
  A jelly (D)
  Jessica (D)
  A necromancer (D)
  A kobold demonologist (D)
  3 humans (D)
  An ooze (D)
  2 rats (D)
67 creatures vanquished.

Vanquished Creatures (collateral kills)
  A two-headed ogre (D)
1 creature vanquished.

Vanquished Creatures (others)
  2 draconian scorchers (D)
  2 yaktaurs (D)
  2 fire drakes (D)
  An electric eel (D)
  2 plants (D)
9 creatures vanquished.

Grand Total: 77 creatures vanquished

Notes
Turn   | Place    | Note
--------------------------------------------------------------
     0 | D        | Kidiri the Gargoyle Berserker began the quest for the Orb.
     0 | D        | Reached XP level 1. HP: 14/14 MP: 1/1
    16 | D        | Acquired Trog's second power
    62 | D        | Killed a yaktaur
    72 | D        | Noticed Jessica
    77 | D        | Killed Jessica
    77 | D        | Reached skill level 4 in Fighting
    77 | D        | Reached XP level 2. HP: 16/20 MP: 2/2
    77 | D        | Reached XP level 3. HP: 19/24 MP: 3/3
   139 | D        | Noticed a scorpion
   160 | D        | Killed a scorpion
   160 | D        | Reached skill level 5 in Maces & Flails
   160 | D        | Reached skill level 5 in Armour
   160 | D        | Reached XP level 4. HP: 6/30 MP: 1/4
   163 | D        | Killed a white draconian scorcher
   165 | D        | Killed a white draconian scorcher
   174 | D        | Reached skill level 5 in Fighting
   174 | D        | Reached skill level 6 in Maces & Flails
   179 | D        | Killed a fire drake
   199 | D        | Gained mutation: You are frail (-10% HP). [potion of mutation]
   199 | D        | Gained mutation: You are weak. (Str -2) [potion of mutation]
   200 | D        | Lost mutation: You are frail (-10% HP). [potion of cure mutation]
   200 | D        | Lost mutation: You are weak. (Str -2) [potion of cure mutation]
   201 | D        | Gained mutation: Your mind is acute. (Int +2) [potion of mutation]
   201 | D        | Gained mutation: You have sharp fingernails. [potion of mutation]
   201 | D        | Gained mutation: Your spells are a little harder to cast, but a little more powerful. [potion of mutation]
   239 | D        | Noticed a water elemental
   245 | D        | Killed a water elemental
   245 | D        | Reached XP level 5. HP: 35/35 MP: 5/5
   298 | D        | Killed a fire drake
   344 | D        | Found a radiant altar of Vehumet.
   345 | D        | Found a deep blue altar of Sif Muna.
   345 | D        | Found an ancient bone altar of Kikubaaqudgha.
   345 | D        | Noticed a wizard
   346 | D        | Killed a wizard
   346 | D        | Acquired Trog's third power
   346 | D        | Reached skill level 7 in Maces & Flails
   389 | D        | Found a glowing silver altar of Zin.
   390 | D        | Found a glowing golden altar of the Shining One.
   390 | D        | Found a white marble altar of Elyvilon.
   390 | D        | Noticed a deep elf priest
   403 | D        | Killed a deep elf priest
   403 | D        | Reached skill level 9 in Maces & Flails
   403 | D        | Reached skill level 5 in Dodging
   403 | D        | Reached XP level 6. HP: 35/44 MP: 4/6
   468 | D        | Found an iron altar of Okawaru.
   469 | D        | Found a bloodstained altar of Trog.
   469 | D        | Noticed a human
   469 | D        | Noticed a human
   520 | D        | Killed a human
   520 | D        | Reached XP level 7. HP: 31/48 MP: 7/7
   531 | D        | Killed a human
   531 | D        | Reached skill level 10 in Armour
   696 | D        | Found a basalt altar of Yredelemnul.
   696 | D        | Found a snail-covered altar of Cheibriados.
   696 | D        | Found a blossoming altar of Fedhas.
   696 | D        | Noticed a necrophage
   696 | D        | Noticed a necromancer
   697 | D        | Killed a necromancer
   697 | D        | Reached skill level 10 in Maces & Flails
   705 | D        | Killed a necrophage
   717 | D        | Noticed a jelly
   718 | D        | Noticed a shadow
   726 | D        | Killed a shadow
   726 | D        | Reached skill level 11 in Armour
   726 | D        | Reached XP level 8. HP: 55/55 MP: 6/8
   728 | D        | Killed a jelly
   762 | D        | Killed a yaktaur
   772 | D        | Found a stormy altar of Qazlal.
   773 | D        | Found a sacrificial altar of Ru.
   773 | D        | Found a burning altar of Makhleb.
   773 | D        | Found a viscous altar of Jiyva.
   773 | D        | Found a shimmering altar of Xom.
   773 | D        | Found a shadowy altar of Dithmenos.
   773 | D        | Found a sparkling altar of Nemelex Xobeh.
   773 | D        | Found a corrupted altar of Lugonu.
   773 | D        | Found an opulent altar of Gozag.
   773 | D        | Noticed a spatial vortex
   792 | D        | Killed a spatial vortex
   978 | D        | Noticed a two-headed ogre
   978 | D        | Noticed a two-headed ogre
   980 | D        | Noticed a two-headed ogre
   989 | D        | Killed a two-headed ogre
   991 | D        | Killed a two-headed ogre
  1010 | D        | Killed a two-headed ogre
  1010 | D        | Received a gift from Trog
  1190 | D        | Noticed a hill giant
  1197 | D        | Killed a hill giant
  1257 | D        | Noticed a hill giant
  1257 | D        | Noticed Erolcha
  1265 | D        | Killed Erolcha
  1265 | D        | Reached skill level 12 in Maces & Flails
  1265 | D        | Reached XP level 9. HP: 47/62 MP: 3/9
  1274 | D        | Killed a hill giant
  1416 | D        | Noticed a trapdoor spider
  1417 | D        | Noticed a trapdoor spider
  1417 | D        | Noticed a redback
  1423 | D        | Killed a redback
  1423 | D        | Reached skill level 10 in Fighting
  1423 | D        | Reached skill level 13 in Armour
  1426 | D        | Killed a trapdoor spider
  1438 | D        | Killed a trapdoor spider
  1438 | D        | Received a gift from Trog
  1790 | D        | Noticed a killer bee
  1790 | D        | Noticed a killer bee
  1790 | D        | Noticed a killer bee
  1790 | D        | Noticed a killer bee
  1790 | D        | Noticed a killer bee
  1790 | D        | Noticed a killer bee
  1790 | D        | Noticed a killer bee
  1790 | D        | Noticed a killer bee
  1790 | D        | Noticed a killer bee
  1790 | D        | Noticed a killer bee
  1790 | D        | Noticed a killer bee
  1790 | D        | Noticed a killer bee
  1790 | D        | Noticed a killer bee
  1790 | D        | Noticed a killer bee
  1790 | D        | Noticed a killer bee
  1790 | D        | Noticed a killer bee
  1791 | D        | Noticed a queen bee
  1792 | D        | Noticed a killer bee
  1793 | D        | Noticed a killer bee
  1793 | D        | Killed a killer bee
  1795 | D        | Killed a killer bee
  1796 | D        | Noticed a killer bee
  1796 | D        | Noticed a killer bee
  1797 | D        | Noticed a killer bee
  1797 | D        | Killed a killer bee
  1798 | D        | Noticed a killer bee
  1798 | D        | Noticed a killer bee
  1798 | D        | Killed a killer bee
  1800 | D        | Noticed a killer bee
  1800 | D        | Noticed a killer bee
  1800 | D        | Killed a killer bee
  1801 | D        | Noticed a killer bee
  1803 | D        | Noticed a killer bee
  1803 | D        | Noticed a killer bee
  1803 | D        | Killed a killer bee
  1804 | D        | Noticed a killer bee
  1804 | D        | Noticed a killer bee
  1806 | D        | Noticed a killer bee
  1806 | D        | Killed a killer bee
  1812 | D        | Noticed a killer bee
  1812 | D        | Killed a killer bee
  1817 | D        | Killed a killer bee
  1817 | D        | Received a gift from Trog
  1822 | D        | Killed a killer bee
  1823 | D        | Killed a killer bee
  1833 | D        | Killed a killer bee
  1836 | D        | Killed a killer bee
  1840 | D        | Killed a killer bee
  1843 | D        | Killed a killer bee
  1843 | D        | Reached skill level 14 in Armour
  1843 | D        | Reached XP level 10. HP: 41/68 MP: 2/10
  1856 | D        | Killed a killer bee
  1856 | D        | Received a gift from Trog
  1864 | D        | Killed a killer bee
  1870 | D        | Killed a killer bee
  1872 | D        | Killed a killer bee
  1875 | D        | Killed a killer bee
  1884 | D        | Killed a killer bee
  1890 | D        | Killed a killer bee
  1891 | D        | Killed a killer bee
  1896 | D        | Killed a killer bee
  1902 | D        | Killed a killer bee
  1902 | D        | Received a gift from Trog
  1910 | D        | Killed a killer bee
  1916 | D        | Killed a killer bee
  1919 | D        | Killed a killer bee
  1923 | D        | Killed a killer bee
  1924 | D        | Killed a killer bee
  1926 | D        | Killed a killer bee
  1926 | D        | Received a gift from Trog
  1927 | D        | Got a jewelled dagger {god gift}
  1928 | D        | Killed a killer bee
  1935 | D        | Killed a queen bee
  2318 | D        | Killed an electric eel
  2351 | D        | Identified the +11 dagger "Pivvoedyme" {pierce, SInv} (Trog gifted it to you in the Dungeon)
  2432 | D        | Noticed a wandering mushroom
  2436 | D        | Noticed a wandering mushroom
  2438 | D        | Noticed a wandering mushroom
  2442 | D        | Killed a wandering mushroom
  2453 | D        | Killed a wandering mushroom
  2460 | D        | Killed a wandering mushroom
  2460 | D        | Reached skill level 15 in Armour
  2542 | D        | Noticed a spiny frog
  2542 | D        | Noticed a komodo dragon
  2542 | D        | Noticed a spiny frog
  2550 | D        | Killed a spiny frog
  2556 | D        | Killed a spiny frog
  2570 | D        | Killed a komodo dragon
  2825 | D        | Noticed a redback
  2829 | D        | Killed a redback
  2836 | D        | Noticed a brain worm
  2839 | D        | Killed a brain worm
  2839 | D        | Received a gift from Trog
  2900 | D        | Noticed a brain worm
  2903 | D        | Killed a brain worm
  2908 | D        | Noticed a lindwurm
  2911 | D        | Noticed a redback
  2914 | D        | Slain by a lindwurm

Vault maps used:
D:        dungeon_sprint_mu

Action                   |  1- 3 |  4- 6 |  7- 9 | 10-12 || total
-------------------------+-------+-------+-------+-------++-------
Melee: Mace              |    30 |    64 |    46 |       ||   140
       Great mace        |       |       |    71 |   142 ||   213
       Dire flail        |       |       |    16 |       ||    16
Invok: Berserk           |       |     1 |     2 |     1 ||     4
       Burn Spellbooks   |       |     1 |       |       ||     1
       Trog's Hand       |       |       |     3 |     2 ||     5
       Brothers in Arms  |       |       |     1 |       ||     1
  Use: Potion            |     1 |     4 |       |       ||     5
       Scroll            |       |     5 |       |       ||     5
  Eat: Chunk             |       |       |     1 |       ||     1
       Bread ration      |       |       |     1 |       ||     1
       Meat ration       |       |       |     1 |       ||     1
       Royal jelly       |       |       |       |     1 ||     1
